Map: Bel'Shir Vestige LE (Void)

Players

Musumeci

  • Race: Zerg Zerg
  • League: Diamond
  • Spawn Location: 11:00

Ortzi - Winner!

  • Race: Terran Terran
  • League: Diamond
  • Spawn Location: 5:00

VOD

Have the link to the VOD?

Description

Time

  • Played on: April 2, 2017, 4:07 p.m.
  • Length: 13:12
Show
View Real Time Build Order
Export as new Build Order

Musumeci Zerg 

Build Orders: Hatch First 

Get SALT Encoding   

  12  0:00  Drone  
  13  0:12  Drone  
  14  0:14  Extractor  
  14  0:16  Drone  
  15  0:40  Hatchery  
  14  0:45  Drone, Extractor  
  15  1:01  Spawning Pool  
  14  1:06  Drone, Extractor  
  15  1:11  Extractor  
  15  1:13  Extractor  
  15  1:14  Drone  
  16  1:19  Overlord  
  16  1:37  Drone x2  
  16  1:39  Drone  
  19  1:48  Queen  
  19  1:51  Queen  
  23  1:56  Drone  
  23  1:59  Drone  
  25  2:02  Drone  
  25  2:08  Overlord  
  26  2:11  Drone  
  27  2:17  Drone  
  28  2:25  Queen  
  28  2:28  Extractor  
  29  2:31  Queen  
  29  2:36  Drone  
  29  2:37  Drone  
  33  2:44  Drone x2  
  36  3:00  Overlord  
  36  3:02  Overlord  
  36  3:23  Drone  
  36  3:24  Drone x5  
  42  3:28  Hatchery  
  41  3:38  Evolution Chamber  
  41  3:39  Evolution Chamber  
  41  3:40  Evolution Chamber  
  38  3:51  Extractor  
  38  3:53  Drone, Extractor  
  38  3:54  Drone x9  
  38  3:55  Roach Warren  
  45  3:57  Queen  
  47  4:03  Extractor  
  47  4:07  Drone  
  47  4:09  Spore Crawler  
  46  4:10  Spore Crawler  
  46  4:13  Overlord  
  45  4:21  Overlord  
  45  4:38  Roach x4  
  51  4:39  Roach  
  51  4:43  Drone  
  51  4:44  Drone x5  
  61  5:02  Ravager x2  
  61  5:04  Queen  
  65  5:12  Ravager  
  65  5:13  Overlord  
  66  5:26  Overlord  
  66  5:27  Overlord  
  66  5:31  Queen x2  
  66  5:32  Ravager x2  
  72  5:40  Queen  
  61  6:01  Roach x7  
  61  6:02  Roach x5  
  73  6:07  Queen x2  
  67  6:27  Queen  
  59  6:33  Ravager  
  56  6:40  Roach x7  
  65  6:52  Drone x3  
  64  7:14  Extractor  
  63  7:16  Ravager x2  
  63  7:17  Ravager  
  66  7:25  Ravager  
  67  7:34  Evolution Chamber  
  67  7:35  Evolution Chamber  
  65  7:44  Roach x7  
  71  7:45  Queen x3  
  71  7:47  Drone x5  
  71  7:49  Overlord  
  90  8:02  Overlord x3  
  90  8:07  Ravager x2  
  92  8:15  Drone x6  
  98  8:21  Lair  
  98  8:28  Ravager  
  98  8:29  Ravager x2  
  98  8:31  Queen  
  101  8:42  Ravager  
  101  8:43  Ravager  
  101  8:44  Roach  
  105  8:55  Overlord x3  
  105  8:56  Overlord  
  105  8:59  Queen  
  107  9:06  Queen  
  107  9:08  Ravager x2  
  111  9:37  Zergling x2  
  112  9:41  Queen  
  112  9:44  Zerg Ground Armor Level 1  
  114  9:46  Zerg Missile Weapons Level 1  
  114  10:05  Roach x15  
  141  10:26  Roach  
  141  10:27  Roach x3  
  143  10:47  Queen  
  145  10:51  Queen  
  146  11:01  Queen  
  146  11:15  Hatchery  
  137  11:19  Extractor  
  128  11:44  Ravager x8  
  128  11:45  Ravager x2  
  80  12:16  Roach x5  
  80  12:17  Roach x21  
  123  12:27  Roach x2  
Show
View Real Time Build Order
Export as new Build Order

Ortzi Terran - Winner!

Build Orders: Reaper Expand 

Get SALT Encoding   

  12  0:00  SCV  
  13  0:13  SCV  
  14  0:16  Supply Depot  
  14  0:25  SCV  
  14  0:27  Refinery  
  15  0:38  SCV  
  16  0:44  Barracks  
  16  0:50  SCV  
  17  1:02  SCV  
  18  1:15  SCV  
  19  1:33  Orbital Command  
  19  1:38  Reaper  
  20  1:48  Command Center  
  20  2:00  SCV  
  21  2:02  Factory  
  21  2:10  Barracks Reactor  
  21  2:12  SCV  
  22  2:16  Supply Depot  
  22  2:22  Refinery  
  22  2:33  SCV  
  23  2:45  SCV  
  23  2:49  Factory  
  24  2:54  Hellion x2  
  24  2:57  SCV  
  29  3:01  Barracks Reactor  
  29  3:09  SCV  
  29  3:10  Orbital Command  
  30  3:16  Hellion  
  32  3:21  SCV  
  33  3:33  SCV  
  34  3:40  SCV  
  35  3:42  Supply Depot  
  35  3:43  Cyclone x2  
  35  3:45  SCV  
  42  3:49  Hellion  
  42  3:51  Hellion  
  46  4:04  SCV x2, Supply Depot  
  46  4:05  Supply Depot  
  48  4:15  Cyclone  
  48  4:16  Cyclone  
  54  4:25  SCV x2  
  54  4:27  Supply Depot  
  54  4:28  Supply Depot  
  56  4:34  Armory  
  56  4:38  SCV x2  
  58  4:50  SCV x2  
  60  4:53  Hellion  
  60  4:54  Hellion, Cyclone  
  67  5:02  SCV x2  
  68  5:10  Cyclone  
  72  5:14  SCV, Supply Depot  
  72  5:15  SCV, Hellion, Supply Depot  
  75  5:26  SCV, Cyclone  
  79  5:29  SCV  
  79  5:30  Command Center  
  80  5:38  SCV  
  80  5:42  SCV  
  82  5:49  Cyclone  
  85  5:50  SCV  
  85  5:54  SCV  
  83  6:00  Refinery x2  
  83  6:02  SCV, Supply Depot  
  82  6:06  SCV  
  80  6:14  SCV  
  80  6:18  SCV  
  82  6:24  Factory  
  76  6:26  Factory, SCV  
  76  6:28  Supply Depot  
  76  6:29  Supply Depot  
  76  6:30  SCV  
  70  6:38  SCV  
  68  6:40  Cyclone  
  68  6:41  Hellion x3  
  68  6:42  SCV  
  72  6:49  Orbital Command  
  72  6:51  SCV  
  73  6:54  Terran Vehicle Weapons Level 1  
  73  6:55  SCV  
  74  7:02  Hellion x2, Cyclone  
  74  7:07  Factory  
  79  7:11  Factory Tech Lab x2  
  79  7:12  Hellion  
  82  7:22  Engineering Bay  
  82  7:24  Orbital Command, Armory  
  81  7:34  Cyclone, Hellbat x3  
  81  7:35  Cyclone  
  93  7:38  Refinery x2, SCV x2  
  95  7:50  SCV x2  
  97  7:55  SCV  
  97  7:57  Missile Turret  
  98  8:02  SCV  
  98  8:04  Siege Tank  
  98  8:05  Hellbat x3  
  110  8:06  Factory Tech Lab  
  110  8:07  Hellbat  
  110  8:09  SCV  
  110  8:12  SCV  
  112  8:14  Terran Vehicle And Ship Armor Level 1  
  112  8:17  SCV  
  113  8:20  Siege Tank  
  113  8:23  SCV  
  113  8:25  SCV  
  118  8:33  Hellion, Hellbat  
  118  8:34  Siege Tank  
  125  8:36  Siege Tank  
  125  8:37  SCV  
  129  8:46  Hellion  
  130  8:51  Terran Vehicle Weapons Level 2  
  130  8:52  Siege Tank  
  132  8:57  Hellbat x4  
  132  9:00  Supply Depot  
  132  9:01  Supply Depot  
  132  9:02  Supply Depot  
  140  9:04  Supply Depot  
  140  9:06  Siege Tank  
  140  9:08  Hellbat  
  145  9:18  Hellbat x2  
  145  9:22  Hellbat  
  145  9:23  Command Center  
  151  9:24  Siege Tank, Hellbat  
  151  9:26  Supply Depot  
  151  9:29  Supply Depot, Siege Tank  
  159  9:31  Supply Depot  
  161  9:38  Hellbat  
  161  9:55  Hellbat x3  
  161  9:56  Siege Tank  
  161  9:59  Siege Tank  
  173  10:01  Thor  
  172  10:16  Widow Mine  
  172  10:17  Hellion x2  
  178  10:26  Hellion  
  178  10:28  Widow Mine  
  170  10:32  Hellbat  
  172  10:38  Hellbat  
  175  11:11  Hellbat x2  
  175  11:12  SCV  
  175  11:13  Starport x3  
  175  11:14  SCV  
  172  11:40  Cyclone x2  
  148  12:04  Widow Mine, Hellion  
  133  12:09  Widow Mine  
  133  12:10  Hellion  
  133  12:13  Cyclone, Hellbat x2  
  110  12:50  Starport Reactor  
  110  12:51  Starport Reactor x2  
Tags
 
Add a new tag
Caveats
  • Supply blocks, unpowered buildings, or Contaminate may cause inaccurate times.
  • Supply counts are checked every 10 seconds.